cohdb
Replays
Latest Replays
All Replays
Popular Replays
Top Player Replays
Match Explorer
How It Works
Community
CoH3 Stats
Reddit
Sign in to upload your games and track your stats! →
Sign in with Steam
Match 44778300
Unlisted
Match 44778300
Overview
Messages
Build Orders
End
Panzergrenadier Squad
250 Light Carrier
Panzergrenadier Squad
Construct Light Support Kompanie
Selects Panzerjäger Kommand Battlegroup
Selects Mine Fields
Selects GrB 39 Grenade Launcher Requisition
Assault Grenadier Squad
Fire Support Elements
Combat Half-tracks
Panzerjäger Mechanized Group
2.5-tonne Medical Truck
Construct Panzerarmee Kommand
Pak 38 Anti-tank Gun Team
Selects Defensive Positions
Walking Stuka Rocket Launcher
Assault Mechanized Group
Construct Mechanized Kompanie
Phteven
Gatom
.Рок-н-рольщик.
LPDAiborne82
Losttruppen
Sp1tzbua
0
0
Comments
sign in to comment!
No comments posted yet!